 Dungeon Crawl Stone Soup version 0.30.1 (webtiles) character file.

Game seed: 4494485831688419634

396 LynnLen the Sneak (level 6, -5/28 HPs)
             Began as a Spriggan Enchanter on July 7, 2023.
             Slain by an ogre
             ... wielding a +0 giant club
              (30 damage)
             ... on level 5 of the Dungeon.
             The game lasted 00:12:59 (4018 turns).

LynnLen the Sneak (Spriggan Enchanter)              Turns: 4018, Time: 00:13:00

Health: -5/28      AC:  5    Str:  4    XL:     6   Next: 52%
Magic:  20/20      EV: 17    Int: 18    God:
Gold:   198        SH:  0    Dex: 16    Spells: 2/10 levels left

rFire   + . .        a - +4 dagger
rCold   . . .        (no shield)
rNeg    . . .        o - +2 robe {rC+}
rPois   .            (helmet restricted)
rElec   .            C - +0 cloak
rCorr   .            (gloves unavailable)
SInv    +            (boots unavailable)
Will    +....        (no amulet)
Stlth   ++++         g - ring of magical power
HPRegen 0.24/turn    r - ring of fire
MPRegen 0.17/turn

%: no passive effects
@: very quick
A: very small, no large weapons, unfitting armour, see invisible, speed 3
a: no special abilities


You were on level 5 of the Dungeon.
You visited 1 branch of the dungeon, and saw 5 of its levels.

You collected 198 gold pieces.

Inventory:

Hand Weapons
 a - a +4 dagger (weapon)
Missiles
 n - 11 poisoned darts (quivered)
 u - 6 datura-tipped darts
Armour
 f - +0 swamp dragon scales
 o - a +2 robe of cold resistance (worn)
 C - a +0 cloak (worn)
Jewellery
 g - a ring of magical power (left hand)
 r - a ring of fire (right hand)
 v - a ring of fire
Wands
 k - a wand of flame (27)
Scrolls
 b - a scroll of silence {unknown}
 h - a scroll of fog {unknown}
 l - a scroll of summoning {unknown}
 m - 2 scrolls of immolation
 p - a scroll of teleportation {unknown}
 q - 3 scrolls of brand weapon {unknown}
 t - a scroll of amnesia {unknown}
 w - a scroll of enchant armour {unknown}
 y - a scroll of poison {unknown}
 B - a scroll of noise {unknown}
Potions
 c - 2 potions of invisibility
 d - a potion of berserk rage {unknown}
 e - a potion of cancellation {unknown}
 i - 2 potions of ambrosia {unknown}
 j - a potion of haste {unknown}
 s - a potion of mutation {unknown}
 x - a potion of heal wounds {unknown}
 z - 2 potions of attraction {unknown}


   Skills:
 + Level 3.5 Short Blades
 - Level 2.6 Dodging
 * Level 7.5 Stealth
 - Level 2.6 Spellcasting
 * Level 5.4 Hexes
 + Level 2.1 Ice Magic


You had 2 spell levels left.
You knew the following spells:

 Your Spells              Type           Power      Damage    Failure   Level
a - Ensorcelled Hibernat  Hex/Ice        32%        N/A       5%          2
b - Confusing Touch       Hex            22%        N/A       5%          3
c - Tukima's Dance        Hex            22%        N/A       5%          3

Your spell library contained the following spells:

 Spells                   Type           Power      Damage    Failure   Level
 Freeze                   Ice            40%        1d6       7%          1
 Dazzling Flash           Conj/Hex       24%        N/A       17%         3
 Frozen Ramparts          Ice            20%        1d4       22%         3
 Hailstorm                Conj/Ice       6%         3d4       32%         3
 Gell's Gravitas          Tloc           2%         N/A       45%         3
 Teleport Other           Tloc           2%         N/A       45%         3
 Dispersal                Tloc           1%         N/A       100%        6


Dungeon Overview and Level Annotations

Branches:
Dungeon (5/15)
 Temple: D:4-7

Altars:
Elyvilon
Hepliaklqana
Wu Jian

Shops:
D:1 :


Innate Abilities, Weirdness & Mutations

You are very small and have problems with some larger weapons.
You are too small for most types of armour.
You have supernaturally acute eyesight. (SInv)
You cover ground extremely quickly. (Speed+++)


Message History

The helpless adder fails to defend itself.
You stick the adder like a pincushion!!!
You kill the adder!
You see here an adder corpse.
Found a hammer.
Found a runed translucent door.
You open the door.
There is an open translucent door here.
The helpless Crazy Yiuf fails to defend himself.
You perforate Crazy Yiuf like a sieve!!!
You kill Crazy Yiuf!
z - 2 viscous green potions (gained 1)
Things that are here:
a +4 quarterstaff of chaos; a +0 cloak; the gnoll corpse of Crazy Yiuf
C - a +0 cloak You start putting on your armour.
You continue putting on your +0 cloak. x4
You finish putting on your +0 cloak.
There is an open translucent door here.
Done exploring.
Done exploring.
Done exploring.
As you read the scroll of enchant weapon, it crumbles to dust.
Your +3 dagger glows red for a moment.
You see here an adder corpse.
Things that are here:
a +0 whip; a +0 club You see here a +0 rapier.
Things that are here:
a +0 dagger; 3 stones
There is a stone staircase leading down here.
You climb downwards.
There is a stone staircase leading up here.
The ogre shouts!
The orc shouts! x3
The orc closely misses you. The ogre closely misses you.
You climb upwards.
There is a stone staircase leading down here.
You climb downwards.
The orc misses you. The orc hits you with a +0 flail.
An orc comes into view. It is wielding a +0 short sword.
The ogre hits you with a +0 giant club!!
Ouch! That really hurt!
You die... ##### # . oo.

.#...
#o#o.....
#@o..#
##O#.# .#
.. #..
... .###
.#


You could see an ogre and 5 orcs.

Vanquished Creatures
  Sigmund (D:2)
  Crazy Yiuf (D:4)
  An iguana (D:4)
  5 adders
  3 gnolls (D:4)
  2 worms
  4 dart slugs
  3 orcs (D:3)
  8 ball pythons
  11 endoplasms
  2 giant cockroaches
  8 goblins
  11 hobgoblins
  2 jackals (D:1)
  4 quokkas
  7 bats
  3 frilled lizards
  8 kobolds
  3 rats
87 creatures vanquished.

Notes
Turn   | Place    | Note
-------+----------+-------------------------------------------
     0 | D:1      | LynnLen the Spriggan Enchanter began the quest for the Orb.
     0 | D:1      | Reached XP level 1. HP: 9/9 MP: 5/5
   101 | D:1      | Reached skill level 5 in Stealth
   101 | D:1      | Reached XP level 2. HP: 13/13 MP: 6/6
   106 | D:1      | Learned a level 2 spell: Ensorcelled Hibernation
   146 | D:1      | Found a faded altar of an unknown god.
   342 | D:1      | Found Awuuv's Book Emporium.
   372 | D:1      | Reached XP level 3. HP: 13/16 MP: 8/8
   391 | D:1      | Learned a level 3 spell: Confusing Touch
  1137 | D:2      | Found a hazy altar of Hepliaklqana.
  1384 | D:2      | Noticed Sigmund
  1428 | D:2      | Killed Sigmund
  1429 | D:2      | Reached skill level 6 in Stealth
  1429 | D:2      | Reached skill level 1 in Ice Magic
  1429 | D:2      | Reached XP level 4. HP: 21/21 MP: 9/9
  1429 | D:2      | Reached XP level 5. HP: 24/24 MP: 10/10
  1446 | D:2      | Learned a level 3 spell: Tukima's Dance
  2223 | D:3      | Reached skill level 5 in Hexes
  2530 | D:3      | Reached skill level 7 in Stealth
  2530 | D:3      | Reached XP level 6. HP: 28/28 MP: 11/11
  3166 | D:4      | Found a white marble altar of Elyvilon.
  3211 | D:4      | Found an ornate altar of the Wu Jian Council.
  3931 | D:4      | Found a runed translucent door.
  3932 | D:4      | Noticed Crazy Yiuf
  3939 | D:4      | Killed Crazy Yiuf
  4014 | D:5      | Entered Level 5 of the Dungeon
  4018 | D:5      | Slain by an ogre

Illustrated notes

Levels and vault maps discovered:
D:1:      psy_arrival_terrarium, layout_rooms,
          dreamdust_ecumenical_altar_statues, serial_shops, shop
D:2:      layout_basic, basic_altar, uniq_sigmund
D:3:      layout_loops_corners, chequers_decorated_corner, roderic_lattice_a
D:4:      layout_cave_pods, chequers_temple_overflow_statue_of_worship,
          uniq_crazy_yiuf_cottage
D:5:      nicolae_cairo_tiling_large, layout_loops_ring, serial_shops, shop,
          nicolae_shop_overcharged_wands, uniq_ijyb

Skill      XL: |  1  2  3  4  5  6 |
---------------+-------------------+-----
Stealth        | 5 6 7 |  7.5
Hexes          | 4 5 |  5.4
Short Blades   | 3 |  3.5
Ice Magic      | 1 2 |  2.1
Dodging        | |  2.6
Spellcasting   | |  2.6

Action                     |  1- 3 |  4- 6 || total
---------------------------+-------+-------++-------
  Melee: Dagger            |   125 |    87 ||   212
         Punch             |     4 |     1 ||     5
   Cast: Ensorcelled Hiber |     7 |    11 ||    18
    Use: Scroll            |     2 |     4 ||     6
   Stab: Sleeping          |    17 |    25 ||    42
         Distracted        |     1 |       ||     1
 Armour: Robe              |    11 |     5 ||    16
         Swamp dragon scal |     8 |       ||     8
  Dodge: Dodged            |    76 |    53 ||   129
